 Dungeon Crawl Stone Soup version 0.28-a0-771-g91a516d0e7 (webtiles) character file.

Game seed: 1208535897557295789

296 Jannitor the Cutter (level 6, -7/47 HPs)
             Began as a Djinni Chaos Knight on Nov 1, 2021.
             Was a Plaything of Xom.
             Shot with an arrow by a centaur (11 damage)
             ... on level 7 of the Dungeon.
             The game lasted 00:05:01 (4750 turns).

Jannitor the Cutter (Djinni Chaos Knight)           Turns: 4750, Time: 00:05:01

Health: -7/47      AC:  8    Str: 11    XL:     6   Next: 62%
Gold:   292        EV: 11    Int: 16    God:    Xom [.*....] SH:  0 Dex: 12

rFire   + + .      SeeInvis .   q - +1 dagger (venom)
rCold   x . .      Faith    .   (no shield)
rNeg    . . .      Spirit   .   b - +2 leather armour
rPois   ∞          Reflect  .   (no helmet)
rElec   .          Harm     .   e - +0 cloak
rCorr   .          Rampage  .   n - +1 pair of gloves
Will    .....                   (boots unavailable)
Stlth   ++........              (no amulet)
HPRegen 0.15/turn               (no ring)
MPRegen 0.00/turn               (no ring)

@: flying
A: sickness immunity, fire resistance 2, cold vulnerability 1, float, innate
caster, hp casting, extra vitality 1
a: Renounce Religion


You were on level 7 of the Dungeon.
You worshipped Xom.
You were a plaything of Xom.
You visited 1 branch of the dungeon, and saw 6 of its levels.

You collected 292 gold pieces.

Inventory:

Hand Weapons
 a - a +0 short sword of chaos
 h - a +0 dagger of speed
 q - a +1 dagger of venom (weapon)
Armour
 b - a +2 leather armour (worn)
 e - a +0 cloak (worn)
 n - a +1 pair of gloves (worn)
 r - the +0 pair of gloves of Foolhardiness {MP+9 Dex+3}
   (You found it on level 4 of the Dungeon)

   Dex:       It affects your dexterity (+3).
   MP:        It affects your magic capacity (+9).
Jewellery
 l - a ring of ice
Wands
 c - a wand of flame (18)
 o - a wand of polymorph (6)
Scrolls
 d - a scroll of fear {unknown}
 f - 5 scrolls of identify
 g - a scroll of holy word {unknown}
 j - a scroll of fog
 m - a scroll of noise {unknown}
 p - a scroll of magic mapping {unknown}
 t - a scroll of teleportation
Potions
 k - a potion of magic {unknown}
 s - a potion of degeneration {unknown}
 u - a potion of heal wounds {unknown}
 v - a potion of mutation {unknown}
 w - a potion of brilliance {unknown}


   Skills:
 + Level 4.0 Fighting
 * Level 4.5 Short Blades
 - Level 1.0 Armour
 - Level 2.1 Dodging
 + Level 2.1 Stealth
 + Level 1.8 Spellcasting


You had 5 spell levels left.
You knew the following spells:

 Your Spells              Type           Power      Damage    Failure   Level
a - Magic Dart            Conj           28%        1d4       13%         1
b - Wereblood             Tmut           7%         N/A       21%         2
Your spell library was empty.

Dungeon Overview and Level Annotations

Branches:
Dungeon (5/15)
 Temple: D:4-7

Altars:
Hepliaklqana
Kikubaaqudgha
Wu Jian
Yredelemnul
The Shining One

Annotations:
D:4 exclusion: ogre


Innate Abilities, Weirdness & Mutations

You are immune to sickness and miasma.
You are immune to poison.
Your flesh is very heat resistant. (rF++)
You are vulnerable to cold. (rC-)
You float through the air rather than walking.
You learn spells naturally, not from books.
Your magical power is your life essence.
You have superior vitality. (+4 HP)


Message History

As you read the scroll labelled ZEMEEM JACUEDI, it crumbles to dust.
You feel strangely unstable.
It was a scroll of teleportation.
The killer bee closely misses you. The killer bee barely misses you.
The killer bee stings you.
The killer bee stings you but does no damage. x2
A gnoll comes into view. It is wielding a +0 spear.
The killer bee misses you. The killer bee closely misses you.
The killer bee stings you but does no damage.
Unknown command.
Unknown command.
A gnoll sergeant comes into view. It is wielding a +3 vampiric trident.
Found a sapphire potion.
The gnoll sergeant shouts!
The killer bee stings you.
The killer bee stings you but does no damage. x2
The killer bee misses you.
Found 6 gold pieces.
The killer bee closely misses you. The gnoll barely misses you.
The killer bee stings you. x2
Your surroundings suddenly seem different.
A centaur comes into view.
Found a +0 scale mail.
Found two stone staircases leading up.
Xom thinks this is hilarious!
The centaur shouts!
The centaur wields a +0 shortbow.
The centaur shoots an arrow.
The arrow hits you but does no damage.
The centaur shoots an arrow.
The arrow hits you.
You hear an angry hiss.
You see here a +0 scale mail.
Unknown command.
The centaur shoots an arrow.
The arrow hits you.
The centaur shoots an arrow.
The arrow hits you!
* * * LOW HITPOINT WARNING * * *
You hear an angry hiss.
Okay, then.
The centaur shoots an arrow.
The arrow hits you.
* * * LOW HITPOINT WARNING * * *
There is a stone staircase leading up here.
The centaur shoots an arrow.
The arrow hits you!
You die...
Xom howls with laughter!

##........#... .##
....#.....#... ....
....#.#...#.... ...
...yy...#.#.c#.#####.#
.yyy#g..#.##.........# .
#...#........#.#.[...#.#
##.g.....................
##.##g..............##..
........#....#@....#
.g......#....#.....#
.....!.##... #.....#
........ #... #.....#
..$... #.. ####### #..


You could see a centaur.

Vanquished Creatures
  A jelly (D:4)
  A hound (D:4)
  An orc priest (D:4)
  Ijyb (D:3)
  An orc wizard (D:4)
  A hound skeleton (D:4)
  A gnoll (D:3)
  An adder (D:3)
  2 worms
  5 dart slugs
  7 orcs
  6 ball pythons
  5 bats
  6 endoplasms
  7 giant cockroaches
  8 hobgoblins
  4 jackals (D:4)
  7 quokkas
  6 frilled lizards
  12 goblins
  7 kobolds
  8 rats
98 creatures vanquished.

Vanquished Creatures (others)
  7 plants (D:3)
7 creatures vanquished.

Grand Total: 105 creatures vanquished

Notes
Turn   | Place    | Note
-------+----------+-------------------------------------------
     0 | D:1      | Jannitor the Djinni Chaos Knight began the quest for the
                  | Orb.
     0 | D:1      | Reached XP level 1. HP: 20/20 MP: 0/0
   294 | D:1      | Reached XP level 2. HP: 25/25 MP: 0/0
   453 | D:1      | XOM: cast spell 'Summon Ice Beast'
   650 | D:1      | XOM: divination: magic mapping
   753 | D:1      | Reached XP level 3. HP: 20/30 MP: 0/0
   753 | D:1      | Learned a level 1 spell: Magic Dart
   921 | D:1      | XOM: silly message
  1042 | D:1      | XOM: silly message
  1347 | D:2      | XOM: silly message
  1361 | D:2      | XOM: divination: detect items
  1442 | D:2      | Found an ornate altar of the Wu Jian Council.
  1449 | D:2      | XOM: silly message
  1453 | D:2      | Reached skill level 1 in Stealth
  1583 | D:2      | XOM: divination: magic mapping
  1759 | D:2      | Reached XP level 4. HP: 33/35 MP: 0/0
  1902 | D:2      | XOM: cloud trail
  1908 | D:2      | XOM: divination: detect items
  2100 | D:2      | Reached skill level 1 in Spellcasting
  2249 | D:2      | XOM: cloud trail
  2277 | D:2      | XOM: 1-stop teleportation journey
  2342 | D:2      | XOM: silly message
  2478 | D:3      | XOM: noise
  2536 | D:3      | Noticed Ijyb
  2559 | D:3      | XOM: potion effect (invisibility)
  2574 | D:3      | XOM: silly message
  2580 | D:3      | Killed Ijyb
  2677 | D:3      | Reached XP level 5. HP: 37/40 MP: 0/0
  2677 | D:3      | Learned a level 2 spell: Wereblood
  2986 | D:3      | Found a hazy altar of Hepliaklqana.
  2987 | D:3      | Found a basalt altar of Yredelemnul.
  3016 | D:3      | Found a glowing golden altar of the Shining One.
  3187 | D:3      | XOM: 3-stop teleportation journey
  3245 | D:3      | Found a faded altar of an unknown god.
  3273 | D:3      | XOM: stat loss: -1 Int (14/15)
  3364 | D:3      | XOM: polymorph hobgoblin -> rat
  3367 | D:3      | XOM: confuse monster(s)
  3434 | D:3      | XOM: smoke on damage
  3551 | D:4      | Noticed an ogre
  3651 | D:4      | XOM: butterfly on damage
  3674 | D:4      | XOM: smoke on damage
  3679 | D:4      | Reached XP level 6. HP: 26/47 MP: 0/0
  3862 | D:4      | XOM: 4-stop teleportation journey
  3866 | D:4      | Identified the +0 pair of gloves of Foolhardiness {MP+9
                  | Dex+3}
  3888 | D:4      | XOM: 1-stop teleportation journey
  4456 | D:4      | XOM: divination: detect items
  4459 | D:4      | XOM: chaos upgrade
  4464 | D:5      | Entered Level 5 of the Dungeon
  4737 | D:5      | You are sucked into a shaft and drop 2 floors!
  4750 | D:7      | Shot with an arrow by a centaur

Illustrated notes

Levels and vault maps discovered:
D:1:      lightli_arrival_noodles, layout_basic
D:2:      kennysheep_six_static_rooms, layout_loops_corners, basic_altar
D:3:      layout_loops_ring, chequers_temple_overflow_statue_of_worship,
          nicolae_tso_swordbearing_angel,
          shapermc_ecumenical_altar_mp_ritualfount, st_stairs_2,
          minmay_joined_circles, uniq_ijyb
D:4:      minmay_wonky_spiral, layout_basic
D:5:      layout_loops_cross, grunt_temple_overflow_open
D:7:      gammafunk_corrupted_shrine, layout_basic,
          mainiacjoe_overflow_surrounded_room, vehumet_statue,
          nemelex_spade_bored_becter, minmay_temple_entry_fiery

Skill      XL: |  1  2  3  4  5  6 |
---------------+-------------------+-----
Short Blades   | 3 4 |  4.5
Stealth        | 1 2 |  2.1
Spellcasting   | 1 |  1.8
Fighting       | 4 |  4.0
Armour         | |  1.0
Dodging        | |  2.1

Action                   |  1- 3 |  4- 6 || total
-------------------------+-------+-------++-------
Melee: Short sword       |   102 |       ||   102
       Dagger            |    27 |   332 ||   359
 Cast: Magic Dart        |     3 |       ||     3
       Wereblood         |       |     6 ||     6
  Use: Potion            |       |     2 ||     2
       Scroll            |       |     3 ||     3
 Stab: Invisible         |       |     4 ||     4
       Sleeping          |       |     6 ||     6
       Confused          |       |     3 ||     3
Armor: Leather armour    |    33 |   106 ||   139
Dodge: Dodged            |    70 |   146 ||   216

Table legend: (Time is in decaauts)
 A = Elapsed time spent in this place.
 B = Non-inter-level travel time spent in this place.
 C = Inter-level travel time spent in this place.
 D = Time resting spent in this place.
 E = Time spent auto-exploring this place.
 F = Levels seen in this place.
 G = Mean time per level.
                   A        B        C        D        E       F      G
               +--------+--------+--------+--------+--------+-----+--------+
         Total |   4601 |   4513 |     88 |    546 |   3278 |   6 |  766.8 |
       Dungeon |   4601 |   4513 |     88 |    546 |   3278 |   6 |  766.8 |
               +--------+--------+--------+--------+--------+-----+--------+

Top non-repeatable levels by time:
     D:1: 1254 daAuts
     D:2: 1173 daAuts
     D:3: 992 daAuts
     D:4: 896 daAuts
     D:5: 272 daAuts
     D:7: 12 daAuts
